 Dungeon Crawl Stone Soup version 0.31-a0-202-g547052bce9 (webtiles) character file.

Game seed: 14706708430808397275

19 qw the Shooter (level 2, 0/16 HPs)
             Began as a Deep Elf Hunter on June 26, 2023.
             Slain by a worm (7 damage)
             ... on level 2 of the Dungeon.
             The game lasted 00:00:13 (567 turns).

qw the Shooter (Deep Elf Hunter)                     Turns: 567, Time: 00:00:14

Health: 0/16       AC:  3    Str:  8    XL:     2   Next: 55%
Magic:  4/4        EV: 12    Int: 13    God:
Gold:   88         SH:  0    Dex: 18    Spells: 1/1 levels left

rFire   . . .        Y - +0 shortbow
rCold   . . .        (shield currently unavailable)
rNeg    + . .        c - +0 leather armour
rPois   .            (no helmet)
rElec   .            (no cloak)
rCorr   .            (no gloves)
SInv    .            (no boots)
Will    .....        (no amulet)
Stlth   ++           g - ring of positive energy
HPRegen 0.22/turn    (no ring)
MPRegen 0.09/turn

%: no passive effects
@: no status effects
A: no striking features
a: no special abilities


You were on level 2 of the Dungeon.
You visited 1 branch of the dungeon, and saw 2 of its levels.

You collected 88 gold pieces.


   Skills:
 - Level 1.5 Fighting
 + Level 6.3 Ranged Weapons
 - Level 2.4 Dodging
 - Level 1.2 Stealth


You had one spell level left.
You didn't know any spells.
Your spell library was empty.

Inventory:

Hand Weapons
 Y - a +0 shortbow (weapon)
Armour
 c - a +0 leather armour (worn)
Jewellery
 g - a ring of positive energy (left hand)
Potions
 d - a potion of mutation {unknown}
 e - a potion of magic {unknown}
 h - a potion of curing {unknown}
 i - a potion of lignification {unknown}

Dungeon Overview and Level Annotations

Branches:
Dungeon (2/15)

Altars:


Message History

You climb downwards.
There is a stone staircase leading up here.
Waypoint 1 assigned to D:2.
Found an escape hatch in the ceiling.
A hobgoblin comes into view.
Found 6 stones.
You shoot an arrow.
The arrow hits the hobgoblin but does no damage.
You shoot an arrow. The arrow hits the hobgoblin.
The hobgoblin is heavily wounded.
You shoot an arrow. The arrow hits the hobgoblin.
You kill the hobgoblin!
An endoplasm comes into view.
You see here 6 stones.
You shoot an arrow. The arrow hits the endoplasm.
The endoplasm quivers.
The endoplasm is heavily wounded.
You shoot an arrow. The arrow hits the endoplasm!
You kill the endoplasm!
You now have 88 gold pieces (gained 14).
Found a stone staircase leading down.
Found a stone staircase leading down.
Found a stone staircase leading up.
A worm comes into view.
The worm moves out of view.
You shoot an arrow. The arrow hits the worm!
The worm is heavily wounded.
The worm closely misses you.
You shoot an arrow. The arrow hits the worm.
The worm is severely wounded.
The worm barely misses you.
You shoot an arrow. The arrow hits the worm.
The worm is severely wounded.
You shoot an arrow. The arrow hits the worm.
The worm is almost dead.
The worm bites you!
Ouch! That really hurt!
You shoot an arrow. The arrow barely misses the worm.
The worm bites you!
You die...

#.###.######.#
#.# #.######.#
#.# #........#
#.# #.#####..#
#.# #.####...#
#.###.#...#
#........#
.>........##
..#.######@#
#......w..#
#######....
#......
##...#.# ..<#
.# ...# # ...#


You could see a worm.

Vanquished Creatures
  A dart slug (D:1)
  A ball python (D:1)
  2 bats (D:1)
  An endoplasm (D:2)
  A giant cockroach (D:1)
  A goblin (D:1)
  3 hobgoblins
  A quokka (D:1)
  4 frilled lizards (D:1)
  A rat (D:1)
16 creatures vanquished.

Notes
Turn   | Place    | Note
-------+----------+-------------------------------------------
     0 | D:1      | qw the Deep Elf Hunter began the quest for the Orb.
     0 | D:1      | Reached XP level 1. HP: 12/12 MP: 3/3
     0 | D:1      | 0 ||| qw: Version: 0.3-a-22-g0ed2b0b
     0 | D:1      | 0 ||| qw: Game counter: 5959
     0 | D:1      | 0 ||| qw: Melee chars always use a shield: true
     0 | D:1      | 0 ||| qw: God list: Okawaru
     0 | D:1      | 0 ||| qw: Allow faded altars: false
     0 | D:1      | 0 ||| qw: Do Orc after clearing Dungeon:15 true
     0 | D:1      | 0 ||| qw: Do second Lair branch before Depths: true
     0 | D:1      | 0 ||| qw: Lair rune preference: random
     0 | D:1      | 0 ||| qw: Goals: Normal
     0 | D:1      | 0 ||| PLANNING D:1-11
   229 | D:1      | Reached skill level 6 in Ranged Weapons
   229 | D:1      | Reached XP level 2. HP: 16/16 MP: 4/4
   469 | D:1      | 469 ||| UPGRADING to ring of positive energy.
   470 | D:1      | 470 ||| READING scroll labelled HAMIS ME YRCHI.
   474 | D:1      | 474 ||| DROPPING scroll of butterflies.
   567 | D:2      | Slain by a worm

Levels and vault maps discovered:
D:1:      dpeg_arrival_three_bigger_balls, layout_basic
D:2:      layout_loops_ring, hangedman_decor_growths, nicolae_hexahallways,
          minivault_11

Skill      XL: |  1 |
---------------+----+-----
Ranged Weapons | 6 |  6.3
Fighting       | |  1.5
Dodging        | |  2.4
Stealth        | |  1.2

Action                     || total
---------------------------++-------
   Fire: Shortbow          ||    46
    Use: Scroll            ||     1
 Armour: Leather armour    ||     2
  Dodge: Dodged            ||     3

Table legend:
 A = Non-vault XP
 B = Vault XP
 C = Vault XP percentage of total XP
 D = Non-vault monster count
 E = Vault monster count
 F = Vault count percentage of total count
                 A         B        C        D         E       F
            +---------+---------+-------+---------+---------+-------
      Total |      28 |       0 |   0.0 |      16 |       0 |   0.0
            +---------+---------+-------+---------+---------+-------
        D:1 |      24 |       0 |   0.0 |      14 |       0 |   0.0
        D:2 |       4 |       0 |   0.0 |       2 |       0 |   0.0
            +---------+---------+-------+---------+---------+-------
